TOP OF THE 1ST |
University of Nebraska Cornhuskers batting - Pitching for University of Florida Gators : LHP Michel Loiseau
|
Pitching: LHP Michel Loiseau
|
|
Batting: LHB Stu Proulx
|
0-0: Foul Ball, location: 2F 0-1: Ball 1-1: Fly out, F7 (Flyball, 7S, EV 95.0 MPH)
|
Batting: LHB Tony Cisneros
|
0-0: Ball 1-0: Foul Ball, location: 2F 1-1: Ball 2-1: Fly out, F8 (Flyball, 8RM, EV 81.2 MPH)
|
Batting: LHB Luis Ponce
|
0-0: Ball 1-0: Foul Ball, location: 2F 1-1: Foul Ball, location: 2F 1-2: Strikes out swinging
|
Top of the 1st over - 0 runs, 0 hits, 0 errors, 0 left on base; University of Nebraska 0 - University of Florida 0 |
BOTTOM OF THE 1ST |
University of Florida Gators batting - Pitching for University of Nebraska Cornhuskers : RHP Du Kong
|
Pitching: RHP Du Kong
|
|
Batting: RHB Keith Kamerling
|
0-0: Ground out 6-3 (Groundball, 6, EV 105.0 MPH)
|
Batting: RHB Ben Bailey
|
0-0: Ball 1-0: Ball 2-0: Ball 3-0: Called Strike 3-1: Foul Ball, location: 2F 3-2: Base on Balls
|
Batting: RHB Marco Morales
|
0-0: Ball 1-0: Swinging Strike 1-1: Foul Ball, location: 2F 1-2: Strikes out swinging
|
Batting: RHB Josh Benefield
|
0-0: Ball 1-0: Called Strike 1-1: Swinging Strike 1-2: Strikes out looking
|
Bottom of the 1st over - 0 runs, 0 hits, 0 errors, 1 left on base; University of Nebraska 0 - University of Florida 0 |
TOP OF THE 2ND |
University of Nebraska Cornhuskers batting - Pitching for University of Florida Gators : LHP Michel Loiseau
|
Batting: RHB Ruben Savino
|
0-0: Ball 1-0: Foul Ball, location: 2F 1-1: Foul Ball, location: 2F 1-2: Foul Ball, location: 2F 1-2: Ball 2-2: Foul Ball, location: 2F 2-2: Ball 3-2: Ground out 4-3 (Groundball, 4, EV 90.0 MPH)
|
Batting: LHB Jose Gonzalez
|
0-0: Called Strike 0-1: Ball 1-1: Foul Ball, location: 2F 1-2: Strikes out swinging
|
Batting: RHB Quentin Howland
|
0-0: Ball 1-0: Called Strike 1-1: Foul Ball, location: 2F 1-2: Ball 2-2: Ball 3-2: Foul Ball, location: 2F 3-2: Strikes out looking
|
Top of the 2nd over - 0 runs, 0 hits, 0 errors, 0 left on base; University of Nebraska 0 - University of Florida 0 |
BOTTOM OF THE 2ND |
University of Florida Gators batting - Pitching for University of Nebraska Cornhuskers : RHP Du Kong
|
Batting: RHB Luis Cabera
|
0-0: Swinging Strike 0-1: Called Strike 0-2: Strikes out swinging
|
Batting: RHB Gong-sun Law
|
0-0: Ball 1-0: Called Strike 1-1: Fly out, F7 (Flyball, 7S, EV 88.8 MPH)
|
Batting: RHB Lião Weishampt
|
0-0: Ball 1-0: Ball 2-0: Foul Ball, location: 2F 2-1: Fly out, F9 (Flyball, 89M, EV 86.2 MPH)
|
Bottom of the 2nd over - 0 runs, 0 hits, 0 errors, 0 left on base; University of Nebraska 0 - University of Florida 0 |
TOP OF THE 3RD |
University of Nebraska Cornhuskers batting - Pitching for University of Florida Gators : LHP Michel Loiseau
|
Batting: LHB Alfonso Escalante
|
0-0: Called Strike 0-1: Foul Ball, location: 2F 0-2: Ball 1-2: Foul Ball, location: 2F 1-2: Strikes out swinging
|
Batting: RHB Tyler Cohen
|
0-0: Called Strike 0-1: Fly out, F8 (Flyball, 8RS, EV 69.4 MPH)
|
Batting: RHB Sergio Andrada
|
0-0: Ball 1-0: Foul Ball, location: 2F 1-1: Ground out 5-3 (Groundball, 56, EV 85.6 MPH)
|
Top of the 3rd over - 0 runs, 0 hits, 0 errors, 0 left on base; University of Nebraska 0 - University of Florida 0 |
BOTTOM OF THE 3RD |
University of Florida Gators batting - Pitching for University of Nebraska Cornhuskers : RHP Du Kong
|
Batting: SHB Thad Shearing
|
0-0: Called Strike 0-1: Ground out 5-3 (Groundball, 5, EV 101.2 MPH)
|
Batting: RHB Danny Cisneros
|
0-0: Ball 1-0: Called Strike 1-1: Called Strike 1-2: Strikes out swinging
|
Batting: RHB Keith Kamerling
|
0-0: Foul Ball, location: 2F 0-1: Called Strike 0-2: Foul Ball, location: 2F 0-2: Ground out 4-3 (Groundball, 4, EV 96.2 MPH)
|
Bottom of the 3rd over - 0 runs, 0 hits, 0 errors, 0 left on base; University of Nebraska 0 - University of Florida 0 |
TOP OF THE 4TH |
University of Nebraska Cornhuskers batting - Pitching for University of Florida Gators : LHP Michel Loiseau
|
Batting: LHB Stu Proulx
|
0-0: TRIPLE (Flyball, 89XD, EV 96.9 MPH)
|
Batting: LHB Tony Cisneros
|
0-0: Called Strike 0-1: Swinging Strike 0-2: Strikes out looking
|
Batting: LHB Luis Ponce
|
0-0: Called Strike 0-1: Ground out U3 (Groundball, 3, EV 82.5 MPH)
|
Batting: RHB Ruben Savino
|
0-0: Called Strike 0-1: Ground out 4-3 (Groundball, 4M, EV 86.2 MPH)
|
Top of the 4th over - 0 runs, 1 hit, 0 errors, 1 left on base; University of Nebraska 0 - University of Florida 0 |
BOTTOM OF THE 4TH |
University of Florida Gators batting - Pitching for University of Nebraska Cornhuskers : RHP Du Kong
|
Batting: RHB Ben Bailey
|
0-0: Called Strike 0-1: Ball 1-1: Ball 2-1: Ball 3-1: Called Strike 3-2: Strikes out swinging
|
Batting: RHB Marco Morales
|
0-0: Ball 1-0: SINGLE (Groundball, 4S, EV 65.6 MPH) (infield hit)
|
Batting: RHB Josh Benefield
|
0-0: SINGLE (Groundball, 6M, EV 96.9 MPH) (infield hit) Marco Morales to second
|
Batting: RHB Luis Cabera
|
0-0: Ball 1-0: Fly out, F3 (Popup, 34, EV 63.1 MPH)
|
Batting: RHB Gong-sun Law
|
0-0: DOUBLE (Line Drive, 8LXD, EV 106.9 MPH) Marco Morales scores Josh Benefield to third Runner from 3rd tries for Home, SAFE, no throw by CF
|
Batting: RHB Lião Weishampt
|
0-0: Foul Ball, location: 2F 0-1: Ball 1-1: Fly out, F9 (Flyball, 89M, EV 88.1 MPH)
|
Bottom of the 4th over - 2 runs, 3 hits, 0 errors, 1 left on base; University of Nebraska 0 - University of Florida 2 |
TOP OF THE 5TH |
University of Nebraska Cornhuskers batting - Pitching for University of Florida Gators : LHP Michel Loiseau
|
Batting: LHB Jose Gonzalez
|
0-0: Ball 1-0: Foul Ball, location: 2F 1-1: DOUBLE (Line Drive, 78D, EV 108.8 MPH)
|
Batting: RHB Quentin Howland
|
0-0: Ball 1-0: Ball 2-0: Foul Ball, location: 2F 2-1: Ground out 6-3 (Groundball, 6, EV 95.6 MPH)
|
Batting: LHB Alfonso Escalante
|
0-0: Swinging Strike 0-1: Fly out, F9 (Flyball, 89M, EV 95.6 MPH)
|
Batting: RHB Tyler Cohen
|
0-0: Foul Ball, location: 2F 0-1: Ball 1-1: Ground out 5-3 (Groundball, 56, EV 86.2 MPH)
|
Top of the 5th over - 0 runs, 1 hit, 0 errors, 1 left on base; University of Nebraska 0 - University of Florida 2 |
BOTTOM OF THE 5TH |
University of Florida Gators batting - Pitching for University of Nebraska Cornhuskers : RHP Du Kong
|
Batting: SHB Thad Shearing
|
0-0: Foul Ball, location: 2F 0-1: Foul Ball, location: 2F 0-2: Ball 1-2: Ball 2-2: Fly out, F9 (Flyball, 9D, EV 102.5 MPH)
|
Batting: RHB Danny Cisneros
|
0-0: Ball 1-0: Foul Ball, location: 2F 1-1: Ball 2-1: Called Strike 2-2: Strikes out looking
|
Batting: RHB Keith Kamerling
|
0-0: Called Strike 0-1: Ball 1-1: Ball 2-1: Foul Ball, location: 2F 2-2: Ball 3-2: Ground out 6-3 (Groundball, 6M, EV 110.0 MPH)
|
Bottom of the 5th over - 0 runs, 0 hits, 0 errors, 0 left on base; University of Nebraska 0 - University of Florida 2 |
TOP OF THE 6TH |
University of Nebraska Cornhuskers batting - Pitching for University of Florida Gators : LHP Michel Loiseau
|
Batting: RHB Sergio Andrada
|
0-0: Foul Ball, location: 2F 0-1: Fly out, F9 (Line Drive, 9, EV 93.1 MPH)
|
Batting: LHB Stu Proulx
|
0-0: Foul Ball, location: 2F 0-1: Ball 1-1: Swinging Strike 1-2: Strikes out swinging
|
Batting: LHB Tony Cisneros
|
0-0: Ball 1-0: Fly out, F7 (Flyball, 7S, EV 91.9 MPH)
|
Top of the 6th over - 0 runs, 0 hits, 0 errors, 0 left on base; University of Nebraska 0 - University of Florida 2 |
BOTTOM OF THE 6TH |
University of Florida Gators batting - Pitching for University of Nebraska Cornhuskers : RHP Du Kong
|
Batting: RHB Ben Bailey
|
0-0: Ground out U3 (Groundball, 34, EV 88.8 MPH)
|
Batting: RHB Marco Morales
|
0-0: Foul Ball, location: 2F 0-1: Ground out 4-3 (Groundball, 4, EV 84.4 MPH)
|
Batting: RHB Josh Benefield
|
0-0: Called Strike 0-1: Ball 1-1: Ball 2-1: Foul Ball, location: 2F 2-2: Foul Ball, location: 2F 2-2: Fly out, F8 (Flyball, 8LD, EV 91.9 MPH)
|
Bottom of the 6th over - 0 runs, 0 hits, 0 errors, 0 left on base; University of Nebraska 0 - University of Florida 2 |
TOP OF THE 7TH |
University of Nebraska Cornhuskers batting - Pitching for University of Florida Gators : LHP Michel Loiseau
|
Batting: LHB Luis Ponce
|
0-0: Ball 1-0: Called Strike 1-1: Called Strike 1-2: SINGLE (Groundball, 6M, EV 96.2 MPH)
|
Pinch Hitting: SHB Gary Luckwell
|
0-0: Called Strike Luis Ponce is caught stealing 2nd base 2-4 0-1: Ball 1-1: Ball 2-1: Ball 3-1: Swinging Strike 3-2: Foul Ball, location: 2F 3-2: Fly out, F9 (Flyball, 9S, EV 84.4 MPH)
|
Batting: LHB Jose Gonzalez
|
0-0: Ball 1-0: Foul Ball, location: 2F 1-1: Called Strike 1-2: Ball 2-2: Foul Ball, location: 2F 2-2: Strikes out swinging
|
Top of the 7th over - 0 runs, 1 hit, 0 errors, 0 left on base; University of Nebraska 0 - University of Florida 2 |
BOTTOM OF THE 7TH |
University of Florida Gators batting - Pitching for University of Nebraska Cornhuskers : RHP Du Kong
|
Pitching: RHP Santos Arevalo
|
|
Now at 3B: Tim Bond
|
|
Batting: RHB Luis Cabera
|
0-0: Called Strike 0-1: Ball 1-1: Foul Ball, location: 2F 1-2: Strikes out swinging, 2-3 out at first.
|
Batting: RHB Gong-sun Law
|
0-0: Ball 1-0: Foul Ball, location: 2F 1-1: Swinging Strike 1-2: Ball 2-2: Ball 3-2: Base on Balls
|
Batting: RHB Lião Weishampt
|
0-0: Ball 1-0: Ball 2-0: Ball 3-0: Foul Ball, location: 2F 3-1: Called Strike 3-2: Strikes out swinging
|
Batting: SHB Thad Shearing
|
0-0: Ground out 4-3 (Groundball, 4, EV 81.2 MPH)
|
Bottom of the 7th over - 0 runs, 0 hits, 0 errors, 1 left on base; University of Nebraska 0 - University of Florida 2 |
TOP OF THE 8TH |
University of Nebraska Cornhuskers batting - Pitching for University of Florida Gators : LHP Michel Loiseau
|
Pitching: RHP David Villanueva
|
|
Pinch Hitting: LHB Avicenna Abdul-Muta'al
|
0-0: Ball 1-0: Ball 2-0: Called Strike 2-1: Foul Ball, location: 2F 2-2: Reached on error, E6 (Groundball, 6, EV 77.5 MPH)
|
Pinch Hitting: RHB Robby Arce
|
0-0: Ball 1-0: Ground out 6-3 (Groundball, 6, EV 111.9 MPH) Avicenna Abdul-Muta'al to second
|
Batting: RHB Tyler Cohen
|
0-0: Ball 1-0: Fly out, F8 (Flyball, 8RD, EV 105.6 MPH)
|
Pinch Hitting: SHB Kent Worboys
|
0-0: Foul Ball, location: 2F 0-1: Swinging Strike 0-2: Strikes out looking
|
Top of the 8th over - 0 runs, 0 hits, 1 error, 1 left on base; University of Nebraska 0 - University of Florida 2 |
BOTTOM OF THE 8TH |
University of Florida Gators batting - Pitching for University of Nebraska Cornhuskers : RHP Santos Arevalo
|
Now at SS: Rob Bryan
|
|
Now in CF: Andy Henn
|
|
Now in RF: Avicenna Abdul-Muta'al
|
|
Batting: RHB Danny Cisneros
|
0-0: Ball 1-0: Fly out, F7 (Flyball, 7LM, EV 95.0 MPH)
|
Batting: RHB Keith Kamerling
|
0-0: Called Strike 0-1: Swinging Strike 0-2: Ball 1-2: Foul Ball, location: 2F 1-2: Strikes out looking
|
Batting: RHB Ben Bailey
|
0-0: Foul Ball, location: 2F 0-1: Ball 1-1: Foul Ball, location: 2F 1-2: Strikes out swinging
|
Bottom of the 8th over - 0 runs, 0 hits, 0 errors, 0 left on base; University of Nebraska 0 - University of Florida 2 |
TOP OF THE 9TH |
University of Nebraska Cornhuskers batting - Pitching for University of Florida Gators : RHP David Villanueva
|
Pitching: RHP Vespasiano Galvanoni
|
|
Now at 3B: Juan Lopez
|
|
Now in LF: Keith Kamerling
|
|
Now in CF: Juan Cadavid
|
|
Now in RF: Dave Newsome
|
|
Batting: LHB Stu Proulx
|
0-0: Ball 1-0: Ball 2-0: Ball 3-0: Called Strike 3-1: Base on Balls
|
Pinch Hitting: RHB Aidan Collet
|
0-0: Called Strike 0-1: Ball 1-1: Fielders Choice at 2nd, 5-4 (Groundball, 56, EV 80.6 MPH)
|
Batting: LHB Luis Ponce
|
0-0: Called Strike 0-1: Grounds into double play, 4-6-3 (Groundball, 4, EV 90.0 MPH)
|
Top of the 9th over - 0 runs, 0 hits, 0 errors, 0 left on base; University of Nebraska 0 - University of Florida 2 |
|